Map: Dragon Scales LE

Players

라인카피 - Winner!

  • Race: Protoss Protoss
  • League: Silver
  • Spawn Location: 11:00

winzboy

  • Race: Protoss Protoss
  • League: Gold
  • Spawn Location: 5:00

VOD

Have the link to the VOD?

Description

Time

  • Played on: June 1, 2023, 5:03 a.m.
  • Length: 12:57
Show
View Real Time Build Order
Export as new Build Order

라인카피 Protoss - Winner!

Build Orders: Cannon Rush 

Get SALT Encoding   

  12  0:03  Probe (Chrono Boost)  
  13  0:13  Probe (Chrono Boost)  
  14  0:20  Probe  
  14  0:26  Pylon  
  15  0:31  Assimilator  
  15  0:45  Forge  
  15  0:47  Probe  
  16  1:13  Assimilator  
  16  1:15  Pylon  
  16  1:21  Photon Cannon  
  16  1:25  Probe (Chrono Boost)  
  17  1:36  Probe (Chrono Boost)  
  17  1:38  Photon Cannon  
  18  1:41  Probe (Chrono Boost)  
  19  1:55  Photon Cannon  
  19  2:03  Photon Cannon  
  19  2:07  Pylon  
  19  2:10  Probe  
  20  2:19  Photon Cannon  
  20  2:22  Probe  
  21  2:35  Probe  
  21  2:37  Photon Cannon  
  22  2:41  Pylon  
  22  2:54  Gateway  
  22  2:59  Gateway  
  22  3:07  Photon Cannon  
  22  3:18  Photon Cannon  
  22  3:25  Photon Cannon  
  22  3:30  Probe  
  23  3:37  Photon Cannon  
  23  3:42  Probe (Chrono Boost)  
  24  3:50  Cybernetics Core  
  24  3:58  Pylon  
  24  4:01  Zealot  
  26  4:08  Zealot  
  28  4:20  Photon Cannon  
  28  4:31  Photon Cannon  
  28  4:36  Stalker  
  30  4:43  Photon Cannon  
  30  4:49  Pylon  
  30  4:55  Shield Battery  
  30  5:01  Stalker  
  32  5:24  Stalker  
  34  5:31  Stalker  
  36  5:54  Stalker  
  36  6:01  Stalker  
  38  6:24  Stalker  
  40  6:25  Photon Cannon  
  40  6:31  Stalker  
  42  6:49  Nexus  
  38  8:16  Probe  
  39  8:20  Nexus  
  39  8:28  Probe  
  39  8:29  Pylon  
  39  8:31  Pylon  
  40  8:35  Pylon x2  
  40  8:40  Probe  
  41  8:43  Assimilator  
  41  8:44  Assimilator  
  41  8:47  Assimilator  
  41  8:52  Probe  
  41  8:53  Stargate  
  41  8:54  Stargate  
  42  8:58  Stargate  
  42  9:02  Assimilator  
  42  9:07  Assimilator  
  42  9:14  Probe  
  43  9:26  Probe  
  44  9:33  Probe  
  44  9:38  Probe  
  46  9:44  Void Ray  
  46  9:45  Probe, Void Ray  
  59  9:53  Void Ray  
  59  9:55  Probe  
  59  9:57  Probe  
  61  10:07  Probe  
  61  10:09  Probe  
  64  10:21  Probe (Chrono Boost)  
  64  10:22  Probe (Chrono Boost)  
  64  10:27  Void Ray  
  64  10:28  Void Ray  
  73  10:32  Probe (Chrono Boost)  
  78  10:36  Probe (Chrono Boost), Void Ray  
  77  10:48  Probe  
  78  11:06  Nexus  
  78  11:10  Void Ray  
  90  11:21  Probe  
  90  11:23  Void Ray x2  
  91  11:26  Pylon  
  91  11:33  Probe, Pylon  
  92  11:53  Void Ray  
  96  11:58  Pylon  
  100  12:03  Assimilator  
  100  12:06  Void Ray  
  104  12:19  Void Ray  
Show
View Real Time Build Order
Export as new Build Order

winzboy Protoss 

Build Orders:  

Get SALT Encoding   

  12  0:01  Probe  
  13  0:19  Pylon  
  13  0:22  Probe  
  14  0:34  Probe  
  15  0:42  Gateway  
  15  0:46  Probe (Chrono Boost)  
  15  0:47  Assimilator  
  16  0:58  Probe (Chrono Boost), Assimilator  
  17  1:10  Probe  
  18  1:22  Probe  
  19  1:30  Cybernetics Core  
  19  1:34  Probe  
  20  1:57  Gateway  
  20  2:00  Pylon  
  20  2:04  Probe, Forge  
  21  2:16  Probe  
  21  2:20  Pylon, Warp Gate (Chrono Boost)  
  21  2:21  Stalker (Chrono Boost)  
  24  2:34  Gateway  
  24  2:37  Pylon  
  24  2:56  Stalker  
  26  3:06  Gateway  
  26  3:10  Stargate  
  26  3:11  Probe  
  27  3:22  Stalker  
  27  3:23  Probe  
  27  3:24  Stalker  
  32  3:58  Photon Cannon  
  32  4:03  Stalker x2  
  32  4:04  Stalker  
  38  4:24  Nexus  
  38  4:32  Pylon  
  38  4:37  Stalker  
  44  4:55  Void Ray (Chrono Boost)  
  44  5:02  Stalker  
  46  5:28  Void Ray (Chrono Boost)  
  50  5:29  Pylon  
  50  5:33  Pylon  
  50  5:39  Stalker  
  52  5:44  Stalker  
  54  6:00  Photon Cannon  
  54  6:01  Probe  
  53  6:13  Probe  
  52  6:30  Stalker  
  52  6:31  Stalker  
  54  6:36  Void Ray (Chrono Boost)  
  54  6:37  Probe  
  59  6:49  Probe  
  60  6:55  Fleet Beacon  
  60  7:01  Probe  
  56  7:13  Probe  
  40  7:23  Stalker  
  40  7:24  Stalker x2  
  39  7:50  Stalker  
  41  8:23  Stalker x3  
  47  8:36  Nexus  
  47  8:38  Pylon  
  47  8:39  Pylon  
  47  8:49  Pylon  
  47  9:05  Probe  
  48  9:13  Stalker  
  50  9:17  Probe  
  51  9:29  Probe  
  52  9:31  Stalker  
  54  9:42  Probe (Chrono Boost)  
  55  9:50  Probe (Chrono Boost)  
  56  9:54  Probe (Chrono Boost)  
  58  10:00  Probe (Chrono Boost)  
  58  10:01  Probe (Chrono Boost)  
  59  10:13  Stalker x3  
  65  10:24  Tempest (Chrono Boost)  
  70  10:34  Probe, Assimilator  
  71  10:38  Assimilator  
  71  10:39  Probe  
  72  10:51  Probe x2  
  74  11:03  Probe  
  74  11:04  Probe  
  76  11:08  Stalker  
  78  11:16  Probe x2  
  80  11:22  Pylon  
  80  11:24  Pylon  
  80  11:25  Stalker  
  82  11:28  Probe x2  
  84  11:49  Pylon  
  84  11:52  Stargate  
  84  11:53  Tempest (Chrono Boost)  
  89  12:08  Stalker x2  
  91  12:09  Stalker  
  95  12:18  Stalker  
Tags
 
Matchup
PvP
Replay Pack
Multiplayer
Spawn Locations
Cross Positions
Add a new tag
Caveats
  • Supply blocks, unpowered buildings, or Contaminate may cause inaccurate times.
  • Supply counts are checked every 10 seconds.